 Dungeon Crawl Stone Soup version 0.20.1-1-g8b1a95d (webtiles) character file.

5612 birkhead the Skirmisher (level 10, -1/80 HPs)
             Began as a Demonspawn Chaos Knight on Dec 4, 2017.
             Slain by a two-headed ogre
             ... wielding a +0 giant club of chaos
              (10 damage)
             ... on level 9 of the Dungeon.
             The game lasted 02:01:57 (7727 turns).

birkhead the Skirmisher (Demonspawn Chaos Knight)   Turns: 7727, Time: 02:01:57

Health: -1/80      AC: 27    Str: 22      XL:     10   Next: 45%
Magic:  12/12      EV: 13    Int: 14      God:    Xom [......]
Gold:   413        SH:  0    Dex:  8 (10) Spells: 10/12 levels left

rFire    + . .     SeeInvis +   a - +1 hand axe (chaos)
rCold    + . .     Gourm    .   (no shield)
rNeg     . . .     Faith    .   i - +0 ring mail
rPois    .         Spirit   .   q - +2 helmet
rElec    .         Reflect  +   L - +1 cloak {+Inv}
rCorr    .         Harm     .   k - +0 pair of gloves
MR       .....                  M - +0 pair of boots
Stlth    ++........             z - +2 amulet of reflection
Regen    0.3/turn               A - ring of see invisible
MPRegen  0.2/turn               E - +6 ring of strength

@: confused, sanguine armour, very slightly contaminated, invisible
A: claws 2, clumsy 1, cold resistance 1, deterioration 1, fire resistance 1,
nightstalker 2, shaggy fur 1, wild magic 1, MP-powered wands, sanguine armour 3
a: Renounce Religion


You were on level 9 of the Dungeon.
You worshipped Xom.
You were a very special plaything of Xom.
You were hungry.

You visited 2 branches of the dungeon, and saw 10 of its levels.
You also visited: Ossuary.

You collected 518 gold pieces.
You spent 105 gold pieces at shops.

Inventory:

Hand Weapons
 a - a +1 hand axe of chaos (weapon)
Missiles
 p - 13 javelins (quivered)
 G - 10 poisoned needles
Armour
 i - a +0 ring mail (worn)
 k - a +0 pair of gloves (worn)
 q - a +2 helmet (worn)
 L - a +1 cloak of invisibility (worn)
 M - a +0 pair of boots (worn)
Jewellery
 u - the ring "Jaageis" {rElec rPois rC- MR+}
   (You took it off an orc on level 5 of the Dungeon)

   [ring of poison resistance]

   It makes you vulnerable to cold.
   It insulates you from electricity.
   It protects you from poison.
   It affects your resistance to hostile enchantments.
 x - a +2 ring of dexterity
 y - an uncursed ring of magical power
 z - a +2 amulet of reflection (around neck)
 A - a ring of see invisible (left hand)
 E - a +6 ring of strength (right hand)
Wands
 b - a wand of polymorph (13/24)
 r - a wand of polymorph (6/24)
 B - a wand of disintegration (4/24)
 F - a wand of lightning (4/15)
 J - a wand of flame (37/48)
 K - a wand of digging (3/24)
Scrolls
 n - 2 scrolls of remove curse
 o - a scroll of amnesia
Potions
 d - a potion of curing
 h - 3 potions of might
 l - a potion of invisibility
 m - a potion of agility
 s - a potion of brilliance
 t - a potion of cancellation
 v - a potion of flight {unknown}
 w - a potion of mutation {unknown}
 C - a potion of magic {unknown}
 D - a potion of lignification {unknown}
 I - a potion of ambrosia {unknown}
Books
 e - a book of Air

   Spells                             Type                      Level
   a - Shock                          Conjuration/Air              1
   b - Swiftness                      Charms/Air                   2
   c - Static Discharge               Conjuration/Air              3
   d - Airstrike                      Air                          4
   e - Lightning Bolt                 Conjuration/Air              5
Comestibles
 f - 4 royal jellies
 g - 7 bread rations
 j - 6 meat rations
 H - 28 fruits


   Skills:
 + Level 7.9 Fighting
 + Level 7.4 Axes
 + Level 3.6 Throwing
 + Level 6.9 Armour
 + Level 6.2 Dodging
 + Level 1.6 Spellcasting
 + Level 1.6 Charms
 + Level 1.5 Air Magic
 + Level 1.6 Evocations


You had 10 spell levels left.
You knew the following spells:

 Your Spells              Type           Power        Failure   Level  Hunger
a - Swiftness             Chrm/Air       #.......     36%         2    ###....


Dungeon Overview and Level Annotations

Branches:
Dungeon (9/15)             Temple (1/1) D:6            Lair (0/6) D:9
    Orc: D:9-12

Altars:
Cheibriados
Dithmenos
Fedhas
Gozag
Hepliaklqana
Kikubaaqudgha
Nemelex Xobeh
Okawaru
Qazlal
Sif Muna
Uskayaw
Vehumet
Xom
Yredelemnul
The Shining One

Shops:
D:4 (%:[   D:8 =

Annotations:
D:7 Marthos's ghost, novice DsWz


Innate Abilities, Weirdness & Mutations

You have very sharp fingernails.
Your flesh is cold resistant. (rC+)
You are significantly more attuned to the shadows.
When seriously injured, your bleeding wounds create very thick armour. (AC +12)
You are clumsy. (Dex -2)
Your body sometimes deteriorates upon taking damage.
Your flesh is heat resistant. (rF+)
You are covered in fur. (AC +1)
Your spells are a little harder to cast, but a little more powerful.
You expend magic power (3 MP) to strengthen your wands.


Message History

You barely miss the shadow imp.
The shadow imp is moderately wounded.
You catch the helpless white imp completely off-guard!
You slash the white imp! You barely miss the chaos spawn. You hit the ufetubus.
The ufetubus is poisoned.
Xom's power touches on your mind for a moment.
You are confused.
The chaos spawn misses you. The shadow imp completely misses you.
The shadow imp barely misses you. The chaos spawn barely misses you.
You bump into the rock wall.
You feel yourself speed up.
The chaos spawn hits you but does no damage.
The shadow imp hits you but does no damage.
The two-headed ogre hits you but does no damage. x2
You miss the chaos spawn. You barely miss the two-headed ogre.
You hit the shadow imp but do no damage.
The chaos spawn misses you. The shadow imp closely misses you.
The two-headed ogre hits you with a giant club of chaos!
You die...
Xom bursts into laughter!

#.####.#
#######.###......
#..(((..O.......#
#.##.##.##......#
#o##.## ##......#
#)##.. .##......#
#5##.##.##.##.###
#5##4..... #.#
#.O@.5..# #.# ##
####5########?######
.########
#................
.#......#
#..##.........###
.#.####.#
#..##.#..###.....
.....##.#######
#.....#..#.......
.#.#..........#
##.####..#.##.###
.#.####.#####.#
#.......#.##.#
##.####.# #.#
######.......#


You could see a two-headed ogre, a chaos spawn, a quasit (wandering), a shadow
imp and an ufetubus (wandering).

Vanquished Creatures
  A glowing orange brain (D:9)
  Pikel (D:6)
  Maurice (D:8)
  Psyche (D:8)
  A komodo dragon (D:9)
  Prince Ribbit (D:8)
  A hippogriff (D:9)
  Sigmund (D:5)
  Grum (D:8)
  A water moccasin (D:8)
  Duvessa (D:4)
  A sky beast (D:9)
  An orc warrior (D:6)
  A black bear (D:9)
  A phantom (D:9)
  3 wolves (D:8)
  3 ogres
  A centaur (D:5)
  A big kobold (D:7)
  2 bullfrogs
  Dowan (D:4)
  3 scorpions
  An electric eel (D:8)
  A crimson imp (D:8)
  A bullfrog zombie (D:9)
  4 hounds
  2 human zombies (Ossuary)
  A centaur zombie (Ossuary)
  4 orc priests
  4 orc wizards
  Terence (D:3)
  An iguana (D:8)
  A worker ant (shapeshifter) (D:3)
  3 worker ants
  A big kobold zombie (Ossuary)
  2 hound skeletons
  2 mummies (Ossuary)
  A howler monkey skeleton (D:5)
  4 gnolls
  9 adders
  A shadow imp (D:9)
  An ooze (D:2)
  3 adder zombies
  2 adder skeletons
  4 worms (D:2)
  2 dart slugs
  A leopard gecko (D:5)
  26 orcs
  5 giant cockroaches
  5 goblins
  6 hobgoblins
  8 jackals
  7 kobolds
  2 quokkas
  A ball python (D:2)
  8 bats
  2 frilled lizards (D:4)
  A goblin zombie (Ossuary)
  10 hobgoblin zombies (Ossuary)
  13 kobold zombies (Ossuary)
  A leopard gecko zombie (D:7)
  6 orc zombies (Ossuary)
  7 rats
  A rat zombie (Ossuary)
  3 plants (D:9)
198 creatures vanquished.

Vanquished Creatures (collateral kills)
  A centaur warrior (D:8)
  A wolf (D:8)
  A big kobold (D:8)
  A bullfrog (D:8)
4 creatures vanquished.

Vanquished Creatures (others)
  An ogre (D:6)
  A centaur skeleton (D:6)
  A plant (D:9)
3 creatures vanquished.

Grand Total: 205 creatures vanquished

Notes
Turn   | Place    | Note
-------+----------+-------------------------------------------
     0 | D:1      | birkhead the Demonspawn Chaos Knight began the quest for the Orb.
     0 | D:1      | Reached XP level 1. HP: 18/18 MP: 1/1
    83 | D:1      | Reached skill level 1 in Dodging
    94 | D:1      | Gained mutation: Your flesh is cold resistant. (rC+) [demonic ancestry]
    94 | D:1      | Reached XP level 2. HP: 13/24 MP: 2/2
   506 | D:1      | Gained mutation: When seriously injured, your bleeding wounds create armour. (AC +12) [demonic ancestry]
   506 | D:1      | Reached XP level 3. HP: 29/29 MP: 3/3
   573 | D:1      | XOM: divination: detect creatures
   650 | D:2      | Found a stormy altar of Qazlal.
   654 | D:2      | Found a blossoming altar of Fedhas.
   832 | D:2      | XOM: 1-stop teleportation journey
   870 | D:2      | XOM: mild Tloc miscast
   872 | D:2      | XOM: torment (11/29 hp)
  1022 | D:2      | XOM: butterfly on damage
  1115 | D:2      | Gained mutation: You have sharp fingernails. [demonic ancestry]
  1115 | D:2      | Reached XP level 4. HP: 33/35 MP: 4/4
  1512 | D:3      | XOM: 10-stop teleportation journey
  1531 | D:3      | Noticed Terence
  1545 | D:3      | Killed Terence
  1711 | D:3      | Gained mutation: When seriously injured, your bleeding wounds create thick armour. (AC +12) [demonic ancestry]
  1711 | D:3      | Reached XP level 5. HP: 37/42 MP: 5/5
  1712 | D:3      | Noticed a swamp drake
  1712 | D:3      | an orc wizard changed into a swamp drake
  1715 | D:3      | a swamp drake changed into a worker ant
  1926 | D:3      | XOM: give mutations
  1926 | D:3      | Gained mutation: Your flesh is heat resistant. (rF+) [Xom's grace]
  1926 | D:3      | Gained mutation: You are covered in fur. (AC +1) [Xom's grace]
  1926 | D:3      | Gained mutation: Your mind is acute. (Int +2) [Xom's grace]
  1926 | D:3      | Gained mutation: Your muscles are strong. (Str +2) [Xom's grace]
  2017 | D:4      | XOM: medium Hex miscast
  2044 | D:4      | Noticed a moth of wrath
  2096 | D:4      | Found a shimmering altar of Xom.
  2242 | D:4      | Noticed Dowan
  2243 | D:4      | XOM: chaos upgrade
  2245 | D:4      | Noticed Duvessa
  2258 | D:4      | XOM: confuse monster(s)
  2258 | D:4      | Killed Duvessa
  2258 | D:4      | Reached XP level 6. HP: 26/48 MP: 6/6
  2262 | D:4      | Killed Dowan
  2276 | D:4      | Found a shimmering altar of Xom.
  2278 | D:4      | Found a deep blue altar of Sif Muna.
  2278 | D:4      | Found an iron altar of Okawaru.
  2280 | D:4      | Found a glowing golden altar of the Shining One.
  2280 | D:4      | Found an iron altar of Okawaru.
  2280 | D:4      | Found a hide-covered altar of Uskayaw.
  2453 | D:4      | Found Rajar's Food Boutique.
  2455 | D:4      | Found Reyt's Weapon Boutique.
  2456 | D:4      | Found Xoxois's Armour Boutique.
  2458 | D:4      | Found Wyofi's Book Boutique.
  2526 | D:4      | Found a sand-covered staircase.
  2532 | Ossuary  | XOM: stealth player
  2532 | Ossuary  | Entered an ossuary
  2889 | Ossuary  | Gained mutation: When seriously injured, your bleeding wounds create very thick armour. (AC +12) [demonic ancestry]
  2889 | Ossuary  | Reached XP level 7. HP: 36/55 MP: 7/7
  3060 | D:4      | Found a glowing golden altar of the Shining One.
  3129 | D:5      | Entered Level 5 of the Dungeon
  3150 | D:5      | XOM: noise
  3163 | D:5      | Noticed Sigmund
  3187 | D:5      | Reached skill level 5 in Fighting
  3187 | D:5      | Reached skill level 5 in Axes
  3208 | D:5      | Killed Sigmund
  3471 | D:5      | XOM: give mutations
  3471 | D:5      | Lost mutation: Your mind is acute. (Int +2) [Xom's mischief]
  3471 | D:5      | Lost mutation: Your muscles are strong. (Str +2) [Xom's mischief]
  3471 | D:5      | Gained mutation: Your spells are a little harder to cast, but a little more powerful. [Xom's mischief]
  3471 | D:5      | Gained mutation: You are clumsy. (Dex -2) [Xom's mischief]
  3553 | D:5      | Got a scorched bronze ring
  3561 | D:5      | Identified the ring "Jaageis" {rElec rPois rC- MR+} (You took it off an orc on level 5 of the Dungeon)
  3728 | D:5      | XOM: enchant monster (good)
  3758 | D:5      | XOM: fake destruction
  3764 | D:5      | XOM: confuse monster(s)
  3775 | D:5      | XOM: confuse monster(s)
  3777 | D:5      | XOM: enchant monster (good)
  3783 | D:5      | XOM: confusion (+ monsters)
  3791 | D:5      | Gained mutation: You have very sharp fingernails. [demonic ancestry]
  3791 | D:5      | Reached XP level 8. HP: 47/63 MP: 8/8
  3798 | D:5      | Found a shadowy altar of Dithmenos.
  4132 | D:6      | Reached skill level 5 in Armour
  4214 | D:6      | XOM: noise
  4263 | D:6      | Noticed Pikel
  4291 | D:6      | XOM: summons 2 friendly demons
  4298 | D:6      | Killed Pikel
  4357 | D:6      | Found a hide-covered altar of Uskayaw.
  4357 | D:6      | XOM: 1-stop teleportation journey
  4358 | D:6      | Noticed a dagger
  4358 | D:6      | Noticed a dagger
  4368 | D:6      | XOM: noise
  4400 | D:6      | Found a staircase to the Ecumenical Temple.
  4416 | Temple   | Entered the Ecumenical Temple
  4560 | D:6      | Found a basalt altar of Yredelemnul.
  4560 | D:6      | Found an opulent altar of Gozag.
  4570 | D:6      | Found a radiant altar of Vehumet.
  4572 | D:6      | Found a sparkling altar of Nemelex Xobeh.
  4573 | D:6      | Found a faded altar of an unknown god.
  4638 | D:6      | XOM: harmless Summ miscast
  4690 | D:6      | Found a sparkling altar of Nemelex Xobeh.
  4724 | D:6      | Found Dainnapath's Armour Emporium.
  4773 | D:6      | Found a hazy altar of Hepliaklqana.
  4953 | D:7      | Noticed Marthos's ghost (novice DsWz)
  4955 | D:7      | XOM: confusion
  4958 | D:7      | XOM: 2-stop teleportation journey
  5043 | D:7      | XOM: enchant monster (good)
  5050 | D:7      | XOM: confuse monster(s)
  5110 | D:7      | XOM: 3-stop teleportation journey
  5192 | D:7      | XOM: harmless Ice miscast
  5253 | D:7      | Gained mutation: You are slightly more attuned to the shadows. [demonic ancestry]
  5253 | D:7      | Reached XP level 9. HP: 66/71 MP: 9/9
  5310 | D:7      | XOM: give mutation
  5310 | D:7      | Gained mutation: You expend magic power (3 MP) to strengthen your wands. [Xom's mischief]
  5434 | D:7      | XOM: harmless Erth miscast
  5588 | D:7      | XOM: enchant monster (bad)
  5624 | D:7      | Learned a level 2 spell: Swiftness
  5713 | D:8      | Reached skill level 1 in Throwing
  5713 | D:8      | Reached skill level 5 in Dodging
  5716 | D:8      | Found an ancient bone altar of Kikubaaqudgha.
  5746 | D:8      | Noticed Grum
  5746 | D:8      | XOM: give mutations
  5746 | D:8      | Gained mutation: Scrolls take you a little longer to read. [Xom's mischief]
  5746 | D:8      | Gained mutation: You are significantly more attuned to the shadows. [Xom's mischief]
  5767 | D:8      | XOM: blink monster(s)
  5769 | D:8      | XOM: chaos upgrade
  5775 | D:8      | XOM: noise
  5782 | D:8      | Noticed a centaur warrior
  5784 | D:8      | XOM: summons 8 friendly demons
  5792 | D:8      | Killed Grum
  5793 | D:8      | HP: 1/108 [centaur warrior (12)]
  5798 | D:8      | Killed a centaur warrior
  5805 | D:8      | Noticed Maurice
  5817 | D:8      | XOM: 9-stop teleportation journey
  5818 | D:8      | Noticed Prince Ribbit
  5818 | D:8      | Noticed Psyche
  6082 | D:8      | Found Uqeoklat's Jewellery Emporium.
  6086 | D:8      | Bought a +2 amulet of reflection for 105 gold pieces
  6113 | D:8      | XOM: medium Hex miscast
  6115 | D:8      | XOM: cleaving
  6139 | D:8      | Killed Prince Ribbit
  6143 | D:8      | XOM: mild Hex miscast
  6144 | D:8      | Paralysed by Psyche for 2 turns
  6155 | D:8      | XOM: potion effect (heal wounds)
  6158 | D:8      | XOM: swap monsters
  6162 | D:8      | Killed Psyche
  6219 | D:8      | Found a hazy altar of Hepliaklqana.
  6532 | D:8      | XOM: smoke on damage
  6541 | D:8      | Reached XP level 10. HP: 66/79 MP: 10/10
  6666 | D:8      | XOM: noise
  6749 | D:8      | Killed Maurice
  7009 | D:9      | XOM: give mutations
  7009 | D:9      | Gained mutation: You are very clumsy. (Dex -4) [Xom's mischief]
  7009 | D:9      | Gained mutation: Your body sometimes deteriorates upon taking damage. [Xom's mischief]
  7009 | D:9      | Lost mutation: Scrolls take you a little longer to read. [Xom's mischief]
  7009 | D:9      | Lost mutation: You are very clumsy. (Dex -4) [Xom's mischief]
  7083 | D:9      | Reached skill level 1 in Charms
  7156 | D:9      | XOM: confuse monster(s)
  7165 | D:9      | Reached skill level 1 in Spellcasting
  7165 | D:9      | Reached skill level 1 in Air Magic
  7165 | D:9      | Reached skill level 1 in Evocations
  7178 | D:9      | XOM: god gift: runed copper ring {god gift}
  7358 | D:9      | XOM: silly message
  7361 | D:9      | Found a staircase to the Lair.
  7413 | D:9      | Noticed a two-headed ogre
  7441 | D:9      | Noticed a glowing orange brain
  7441 | D:9      | a two-headed ogre changed into a glowing orange brain
  7441 | D:9      | XOM: polymorph two-headed ogre -> glowing orange brain
  7445 | D:9      | XOM: mild Erth miscast
  7451 | D:9      | Killed a glowing orange brain
  7508 | D:9      | XOM: summons 4 hostile demons
  7551 | D:9      | XOM: medium Necr miscast
  7587 | D:9      | Got a fine wooden ring
  7594 | D:9      | Identified the ring "Hielan" {rF+ Str-3 Int+6 Stlth-} (You found it on level 9 of the Dungeon)
  7705 | D:9      | XOM: enchant monster (bad)
  7709 | D:9      | Noticed a two-headed ogre
  7719 | D:9      | XOM: chaos upgrade
  7722 | D:9      | XOM: summons 5 hostile demons
  7725 | D:9      | XOM: confusion
  7727 | D:9      | Slain by a two-headed ogre

Skill      XL: |  1  2  3  4  5  6  7  8  9 10 |
---------------+-------------------------------+-----
Dodging        | 1 2 3 4 5 6 |  6.2
Armour         | 2 3 4 5 6 |  6.9
Axes           | 3 4 5 6 7 |  7.4
Fighting       | 4 5 6 7 |  7.9
Throwing       | 3 |  3.6
Charms         | 1 |  1.6
Spellcasting   | 1 |  1.6
Air Magic      | 1 |  1.5
Evocations     | 1 |  1.6

Action                   |  1- 3 |  4- 6 |  7- 9 | 10-12 || total
-------------------------+-------+-------+-------+-------++-------
Melee: Hand axe          |   109 |   169 |   481 |   139 ||   898
       Unarmed           |       |    10 |       |       ||    10
Throw: Javelin           |       |     7 |    26 |    18 ||    51
  Use: Scroll            |     7 |     3 |     3 |     1 ||    14
       Potion            |       |     1 |     8 |     1 ||    10
 Stab: Sleeping          |       |     2 |     2 |     3 ||     7
       Confused          |       |     1 |     8 |     1 ||    10
       Paralysed         |       |     1 |     5 |       ||     6
       Petrifying        |       |       |     1 |     1 ||     2
       Invisible         |       |       |     1 |     1 ||     2
       Distracted        |       |       |     1 |       ||     1
  Eat: Chunk             |     1 |     5 |     9 |     3 ||    18
       Bread ration      |       |       |     1 |       ||     1
Armor: Ring mail         |    47 |    52 |   238 |    59 ||   396
Dodge: Dodged            |    54 |    65 |   238 |    95 ||   452
Block: Other             |       |       |     1 |     8 ||     9
